 Dungeon Crawl Stone Soup version 0.20.1-1-g8b1a95d66d (webtiles) character file.

1173 Pixllover the Skirmisher (level 8, -1/71 HPs)
             Began as a Minotaur Berserker on Jan 10, 2018.
             Was a Priest of Trog.
             Slain by an orc
             ... wielding a +0 war axe
              (4 damage)
             ... on level 4 of the Dungeon on Jan 12, 2018.
             The game lasted 00:10:52 (3380 turns).

Pixllover the Skirmisher (Minotaur Berserker)       Turns: 3380, Time: 00:10:53

Health: -1/71      AC:  9    Str: 25    XL:     8   Next: 18%
Magic:  7/7        EV: 13    Int:  4    God:    Trog [***...]
Gold:   132        SH:  4    Dex: 11    Spells: 7/7 levels left

rFire    + . .     SeeInvis +   n - +0 scythe
rCold    . . .     Gourm    +   (shield currently unavailable)
rNeg     . . .     Faith    .   q - +1 ring mail
rPois    .         Spirit   .   (helmet restricted)
rElec    .         Reflect  .   (no cloak)
rCorr    .         Harm     .   (no gloves)
MR       .....                  (no boots)
Stlth    +.........             r - amulet of the gourmand
Regen    0.3/turn               i - ring of protection from fire
MPRegen  0.1/turn               k - ring of see invisible

@: lethally poisoned (-1 -> -7)
A: retaliatory headbutt, horns 2, large bone plates 1, yellow scales 1, agile 1,
wild magic 1, evolution 1
a: Berserk, Trog's Hand, Burn Spellbooks, Renounce Religion


You were on level 4 of the Dungeon.
You worshipped Trog.
Trog was most pleased with you.
You were not hungry.

You visited 1 branch of the dungeon, and saw 4 of its levels.

You collected 132 gold pieces.

Inventory:

Hand Weapons
 a - a +0 mace
 n - a +0 scythe (weapon)
Armour
 b - a +0 animal skin
 d - a +3 chain mail
 q - a +1 ring mail (worn)
Jewellery
 i - a ring of protection from fire (left hand)
 k - a ring of see invisible (right hand)
 r - an amulet of the gourmand (around neck)
Scrolls
 g - 2 scrolls of identify
 h - a scroll of random uselessness {unknown}
 j - a scroll of fog {unknown}
 m - 3 scrolls of remove curse
 p - a scroll of magic mapping {unknown}
 s - a scroll of fear {unknown}
 t - 2 scrolls of amnesia {unknown}
 v - 2 scrolls of teleportation {unknown}
Potions
 o - 3 potions of curing
Comestibles
 c - 4 bread rations
 f - 2 fruits
 l - a meat ration
 u - a royal jelly


   Skills:
 + Level 6.6 Fighting
 + Level 5.9 Maces & Flails
 + Level 5.6 Polearms
 + Level 5.4 Armour
 + Level 4.4 Dodging
 + Level 1.5 Stealth


You had 7 spell levels left.
You didn't know any spells.

Dungeon Overview and Level Annotations

Branches:
Dungeon (4/15)
 Temple: D:4-7

Altars:
Gozag
Kikubaaqudgha
Sif Muna


Innate Abilities, Weirdness & Mutations

You reflexively headbutt those who attack you in melee.
You have a pair of horns on your head.
You are partially covered in large bone plates. (SH +4)
You are partially covered in yellow scales. (AC +2)
You are agile. (Dex +2)
Your spells are a little harder to cast, but a little more powerful.
You evolve.


Message History

You feel sick. 2 orcs come into view.
* * * LOW HITPOINT WARNING * * *
You feel sick.
The orc shouts! x2; You hear a shout!
You slash the orc!
You kill the orc!
Trog accepts your kill.
* * * LOW HITPOINT WARNING * * *
You feel sick.
An orc comes into view. It is wielding a flail.
You barely miss the orc. Your headbutt misses the orc.
* * * LOW HITPOINT WARNING * * *
You feel sick. The orc misses you. You furiously retaliate!
You headbutt the orc, but do no damage. You closely miss the orc.
Your headbutt misses the orc.
* * * LOW HITPOINT WARNING * * *
You feel sick. The orc hits you but does no damage.
The orc hits you with a war axe.
You die...

.# .## ..# o.#
.. . .# .#
#####o# .#
##..)@.# ####.#
#(.#####
##....######.##
...####.......#
.......>......#
..#####.......#
.## #.......#
.# ######### .#


You could see 2 orcs.

Vanquished Creatures
  Pikel (D:4)
  Sigmund (D:2)
  2 slaves (D:4)
  An orc warrior (D:3)
  A bullfrog skeleton (D:4)
  2 orc priests
  5 orc wizards
  Natasha (D:3)
  A worker ant (D:4)
  Robin (D:3)
  4 gnolls (D:3)
  5 adders
  2 oozes
  2 worms (D:2)
  A dart slug (D:1)
  9 orcs
  2 giant cockroaches
  13 goblins
  10 hobgoblins
  7 kobolds
  2 quokkas (D:3)
  A ball python (D:3)
  10 bats
  7 frilled lizards
  7 rats
98 creatures vanquished.

Notes
Turn   | Place    | Note
-------+----------+-------------------------------------------
     0 | D:1      | Pixllover the Minotaur Berserker began the quest for the Orb.
     0 | D:1      | Reached XP level 1. HP: 19/19 MP: 0/0
   124 | D:1      | Reached XP level 2. HP: 16/27 MP: 1/1
   136 | D:1      | Reached skill level 4 in Fighting
   627 | D:1      | Reached XP level 3. HP: 33/33 MP: 2/2
   754 | D:2      | Noticed Sigmund
   762 | D:2      | Killed Sigmund
   762 | D:2      | Reached ** piety under Trog
   762 | D:2      | Reached skill level 5 in Fighting
   762 | D:2      | Reached skill level 5 in Maces & Flails
   762 | D:2      | Reached XP level 4. HP: 28/42 MP: 3/3
   762 | D:2      | Reached XP level 5. HP: 32/48 MP: 4/4
   763 | D:2      | Found an ancient bone altar of Kikubaaqudgha.
   763 | D:2      | Found an opulent altar of Gozag.
   781 | D:2      | Gained mutation: Your spells are a little harder to cast, but a little more powerful. [potion of mutation]
   781 | D:2      | Gained mutation: You are partially covered in large bone plates. (SH +4) [potion of mutation]
   781 | D:2      | Gained mutation: You evolve. [potion of mutation]
   781 | D:2      | Gained mutation: You are agile. (Dex +2) [potion of mutation]
  1699 | D:3      | Reached skill level 1 in Stealth
  1700 | D:3      | Reached XP level 6. HP: 50/56 MP: 5/5
  1742 | D:3      | Found a deep blue altar of Sif Muna.
  1765 | D:3      | Reached skill level 1 in Polearms
  1818 | D:3      | Noticed Robin
  1827 | D:3      | Killed Robin
  2247 | D:3      | Reached *** piety under Trog
  2746 | D:3      | Noticed an orc warrior
  2754 | D:3      | Killed an orc warrior
  2761 | D:3      | Reached XP level 7. HP: 12/62 MP: 6/6
  2763 | D:3      | Reached skill level 6 in Fighting
  2786 | D:3      | Gained mutation: You are partially covered in yellow scales. (AC +2) [evolution]
  2889 | D:3      | Noticed Natasha
  2903 | D:3      | Killed Natasha
  3270 | D:4      | Noticed Pikel
  3298 | D:4      | Killed Pikel
  3298 | D:4      | Reached skill level 5 in Polearms
  3298 | D:4      | Reached skill level 5 in Armour
  3298 | D:4      | Reached XP level 8. HP: 6/71 MP: 7/7
  3380 | D:4      | HP: 3/71 [poisoned by an orc]
  3380 | D:4      | Slain by an orc

Skill      XL: |  1  2  3  4  5  6  7 |
---------------+----------------------+-----
Fighting       | 4 5 6 |  6.6
Maces & Flails | 4 5 |  5.9
Dodging        | 3 4 |  4.4
Stealth        | 1 |  1.5
Polearms       | 3 5 |  5.6
Armour         | 3 5 |  5.4

Action                   |  1- 3 |  4- 6 |  7- 9 || total
-------------------------+-------+-------+-------++-------
Melee: Mace              |    49 |       |       ||    49
       Headbutt          |     5 |    15 |    11 ||    31
       Scythe            |       |   108 |    55 ||   163
Invok: Berserk           |     1 |     1 |     1 ||     3
       Burn Spellbooks   |       |     1 |       ||     1
  Use: Potion            |     1 |     5 |       ||     6
       Scroll            |       |     1 |     4 ||     5
  Eat: Chunk             |       |     8 |     7 ||    15
Armor: Animal skin       |    14 |     2 |       ||    16
       Ring mail         |       |    27 |    36 ||    63
Dodge: Dodged            |    33 |   100 |    53 ||   186
Block: Other             |       |    23 |     7 ||    30
